[Event "2023 Norbert Muller Cup (Division C)"]
[Site "Woodvale, Perth WA AUS"]
[Date "2023.10.25"]
[Round "3"]
[White "Akers, Gerard"]
[Black "Brooke, John"]
[Result "1-0"]
[ECO "C62"]
[WhiteElo "1562"]
[BlackElo "1462"]
[PlyCount "103"]
[EventDate "2023.10.11"]
[EventType "tourn"]
[EventRounds "7"]
[EventCountry "AUS"]
[TimeControl "3600+30"]

1. e4 e5 2. Nf3 Nc6 3. Bb5 d6 4. d4 Bd7 5. O-O a6 6. Bxc6 Bxc6 7. Re1 h6 8. Nc3
Nf6 9. h3 Be7 10. dxe5 dxe5 11. Qxd8+ Rxd8 12. Nxe5 Bxe4 13. Nxe4 Nxe4 14. Rxe4
Rd1+ 15. Kh2 Bd6 16. f4 Bc5 17. Nd3+ Kd8 18. Nxc5 Kc8 19. b3 Rd6 20. Re2 Rhd8
21. Nd3 h5 22. Bb2 f6 23. Rae1 h4 24. Re8 b6 25. R1e7 g5 26. Rxd8+ Kxd8 27. Rf7
gxf4 28. Rxf6 Ke7 29. Rxd6 Kxd6 30. Nxf4 c5 31. Ng6 b5 32. c4 b4 33. a3 a5 34.
a4 Ke6 35. Nxh4 Kd6 36. Kg3 Ke6 37. Kf4 Kd6 38. Kf5 Kc6 39. Ng6 Kd6 40. h4 Kd7
41. Kf6 Kc6 42. h5 Kd6 43. h6 Kd7 44. h7 Kd6 45. h8=Q Kd7 46. Qg7+ Kc6 47. Ne7+
Kb6 48. Nd5+ Ka6 49. Qf8 Ka7 50. Qxc5+ Kb7 51. Qc7+ Ka8 52. Nb6# 1-0

[Event "2023 Norbert Muller Cup (Division D)"]
[Site "Woodvale, Perth WA AUS"]
[Date "2023.10.25"]
[Round "3"]
[White "Knight, Charles"]
[Black "Gough, Sebastian"]
[Result "1-0"]
[ECO "A48"]
[WhiteElo "1440"]
[BlackElo "1058"]
[PlyCount "43"]
[EventDate "2023.10.11"]
[EventType "swiss"]
[EventRounds "7"]
[EventCountry "AUS"]
[TimeControl "3600+30"]

1. d4 Nf6 2. Bf4 g6 3. Nf3 d6 4. e3 Bg7 5. Bd3 Bg4 6. Nbd2 O-O 7. h3 Bxf3 8.
Qxf3 c6 9. O-O-O d5 10. g4 Nbd7 11. h4 e6 12. h5 Ne8 13. hxg6 fxg6 14. Qh3 Ndf6
15. g5 Nd7 16. Qxh7+ Kf7 17. Bxg6+ Ke7 18. Bxe8 Kxe8 19. Qxg7 Rf7 20. Qg8+ Rf8
21. Qxe6+ Qe7 22. Qxe7+ 1-0

[Event "2023 Norbert Muller Cup (Division D)"]
[Site "Woodvale, Perth WA AUS"]
[Date "2023.10.25"]
[Round "3"]
[White "Bordas, Lindsay"]
[Black "Porteus, Grant"]
[Result "1-0"]
[ECO "B11"]
[WhiteElo "1196"]
[BlackElo "1431"]
[PlyCount "73"]
[EventDate "2023.10.11"]
[EventType "swiss"]
[EventRounds "7"]
[EventCountry "AUS"]
[TimeControl "3600+30"]

1. e4 c6 2. Nf3 d5 3. Nc3 Bg4 4. exd5 cxd5 5. Be2 e6 6. d4 a6 7. Ne5 Bf5 8. Bh5
g6 9. Bg4 Nh6 10. Bxh6 Bxh6 11. Bxf5 exf5 12. O-O O-O 13. Qf3 Nc6 14. Qxd5 Nxd4
15. Qxb7 Re8 16. Nxf7 Qh4 17. Qd5 Ne6 18. Nxh6+ Qxh6 19. Rae1 Rad8 20. Qc6 Kf7
21. Qb7+ Re7 22. Qxa6 Rde8 23. Qc4 Kf8 24. Nd5 Rf7 25. Qb4+ Kg8 26. Qb6 g5 27.
Nc7 Rxc7 28. Rxe6 Rxe6 29. Qxc7 g4 30. Qc8+ Kf7 31. Qc4 Kf6 32. Qd4+ Kg5 33.
Qd2+ f4 34. g3 Re4 35. Qd5+ Kf6 36. Qxe4 Kg7 37. Qxf4 1-0

[Event "2023 Norbert Muller Cup (Division D)"]
[Site "Woodvale, Perth WA AUS"]
[Date "2023.10.25"]
[Round "3"]
[White "Hounsome, David"]
[Black "Owen, Geoffrey"]
[Result "1-0"]
[ECO "A01"]
[WhiteElo "1417"]
[BlackElo "1120"]
[PlyCount "65"]
[EventDate "2023.10.11"]
[EventType "swiss"]
[EventRounds "7"]
[EventCountry "AUS"]
[TimeControl "3600+30"]

1. b3 e5 2. Bb2 Nc6 3. e3 d5 4. Bb5 Bd6 5. f4 f6 6. fxe5 fxe5 7. Bxc6+ bxc6 8.
Bxe5 Qh4+ 9. g3 Qe4 10. Bxg7 Qxh1 11. Qh5+ Ke7 12. Kf1 Nf6 13. Qh4 Ba6+ 14. d3
Raf8 15. Bxh8 Rxh8 16. Nd2 Rg8 17. Ndf3 Bc8 18. Ke1 Bxg3+ 19. hxg3 Qxh4 20.
gxh4 Nh5 21. e4 Kd6 22. e5+ Ke6 23. Ng5+ Ke7 24. Nxh7 Ng3 25. Kf2 Ne4+ 26. dxe4
Rg4 27. exd5 cxd5 28. Nf3 c5 29. Nf6 Rg7 30. Nxd5+ Ke6 31. c4 Rf7 32. Ke3 Bb7
33. Ng5+ 1-0

[Event "2023 Norbert Muller Cup (Division D)"]
[Site "Woodvale, Perth WA AUS"]
[Date "2023.10.25"]
[Round "3"]
[White "Overste, Brian"]
[Black "Nel, Kevin"]
[Result "0-1"]
[ECO "C57"]
[WhiteElo "998"]
[BlackElo "1147"]
[PlyCount "82"]
[EventDate "2023.10.11"]
[EventType "swiss"]
[EventRounds "7"]
[EventCountry "AUS"]
[TimeControl "3600+30"]

1. e4 e5 2. Nf3 Nc6 3. Bc4 Nf6 4. Ng5 d5 5. Bb3 Nxe4 6. d3 Nxg5 7. h4 Ne6 8.
Qf3 Ned4 9. Qd1 Be7 10. c3 Nxb3 11. Qxb3 Be6 12. Qxb7 Na5 13. Qb5+ c6 14. Qa4
O-O 15. b4 Nb7 16. Nd2 d4 17. Qxc6 Nd6 18. c4 Nf5 19. Qb5 Nxh4 20. Kf1 Bf5 21.
c5 Qd5 22. f3 Ng6 23. Rh5 Bd7 24. Qa6 Rfe8 25. Ne4 Nf4 26. Bxf4 g6 27. Rxe5 Bc8
28. Qa3 Qc6 29. Qb3 Be6 30. Qb2 Rad8 31. Bg5 Rd5 32. b5 Qc7 33. Rxd5 Bxd5 34.
Qxd4 Bxg5 35. Qxd5 Re5 36. Qa8+ Kg7 37. Nd6 Qxc5 38. Ne8+ Kh6 39. Qc6 Qe3 40.
Qc3 Qe2+ 41. Kg1 Be3+ 0-1

[Event "2023 Norbert Muller Cup (Division D)"]
[Site "Woodvale, Perth WA AUS"]
[Date "2023.10.25"]
[Round "3"]
[White "Young, Manfred"]
[Black "May, Wendy"]
[Result "1-0"]
[ECO "C47"]
[WhiteElo "1134"]
[BlackElo "875"]
[PlyCount "90"]
[EventDate "2023.10.11"]
[EventType "swiss"]
[EventRounds "7"]
[EventCountry "AUS"]
[TimeControl "3600+30"]

1. e4 e5 2. Nf3 Nc6 3. a3 Nf6 4. Nc3 d5 5. exd5 Nxd5 6. Bb5 Nxc3 7. bxc3 e4 8.
Ne5 a6 9. Nxc6 Qd5 10. Nb4+ Qxb5 {At this point, White illegally castled. The
position after 11. O-O will instead be reached using a series of moves.} 11.
Qe2 Qb6 12. O-O Qb5 13. Qd1 {The position after 11. O-O has been reached.} a5
14. Na2 h5 15. d3 f5 16. c4 Qe5 17. Bd2 Bd6 18. g3 h4 19. Bc3 Qe7 20. dxe4 fxe4
21. Qd4 hxg3 22. hxg3 Bh3 23. Rfe1 Bc5 24. Qxg7 Rf8 25. Qg6+ Kd8 26. Rxe4 Qf7
27. Qg5+ Be7 28. Qe3 Qf3 29. Qxf3 Rxf3 30. Rae1 Bc5 31. Rd1+ Bd6 32. c5 Bf5 33.
Rh4 Rd3 34. Rxd3 Bxd3 35. Rh8+ Kd7 36. Rxa8 Bxc5 37. Rxa5 b6 38. Ra8 Bc4 39.
Nc1 b5 40. Bb4 Bd5 41. Bxc5 Bxa8 42. Nd3 c6 43. Bb4 Kc7 44. Nc5 Kb6 45. a4 Ka7
46. a5 Bb7 47. Nxb7 Kxb7 {Scoresheet not clear} 1-0

[Event "2023 Norbert Muller Cup (Division A)"]
[Site "Woodvale, Perth WA AUS"]
[Date "2023.11.01"]
[Round "4"]
[White "Maris, Rob"]
[Black "Janceski, Alex"]
[Result "1/2-1/2"]
[ECO "E72"]
[WhiteElo "2099"]
[BlackElo "1878"]
[PlyCount "78"]
[EventDate "2023.10.11"]
[EventType "tourn"]
[EventRounds "7"]
[EventCountry "AUS"]
[TimeControl "3600+30"]

1. c4 g6 2. g3 Bg7 3. Bg2 c6 4. Nc3 Nf6 5. e4 d6 6. d4 O-O 7. h3 Qc7 8. Be3
Nbd7 9. Rc1 a6 10. Qd2 e5 11. Nge2 Nb6 12. b3 Bd7 13. O-O Rae8 14. dxe5 dxe5
15. Bc5 Rd8 16. Qe3 Nc8 17. Bxf8 Bxf8 18. Kh1 Re8 19. Qd3 Kg7 20. Rfd1 Be6 21.
Na4 b6 22. f4 Bd6 23. f5 Bd7 24. c5 Be7 25. cxb6 Nxb6 26. Qxa6 Nxa4 27. Qxa4 c5
28. Qc4 Rb8 29. a4 Qb6 30. fxg6 hxg6 31. Rc3 Be6 32. Qd3 Bxb3 33. Rb1 c4 34.
Qf3 Qa7 35. Nc1 Bb4 36. Rcxb3 cxb3 37. Qxb3 Bd6 38. Qd3 Rxb1 39. Qxb1 Qxa4
1/2-1/2

[Event "2023 Norbert Muller Cup (Division A)"]
[Site "Woodvale, Perth WA AUS"]
[Date "2023.11.01"]
[Round "4"]
[White "Wolstencroft, Alan"]
[Black "Saxon, Marc"]
[Result "1/2-1/2"]
[ECO "B36"]
[WhiteElo "1865"]
[BlackElo "2047"]
[PlyCount "93"]
[EventDate "2023.10.11"]
[EventType "tourn"]
[EventRounds "7"]
[EventCountry "AUS"]
[TimeControl "3600+30"]

1. e4 c5 2. Nf3 g6 3. d4 cxd4 4. Nxd4 Nc6 5. c4 Nf6 6. Nc3 Nxd4 7. Qxd4 Bg7 8.
Qd3 d6 9. Be2 O-O 10. O-O Be6 11. Rb1 Nd7 12. Be3 Ne5 13. Qd2 Bxc4 14. Bd4 Bxe2
15. Nxe2 Rc8 16. b3 Nc6 17. Bxg7 Kxg7 18. Kh1 Qa5 19. Qxa5 Nxa5 20. Rfc1 Nc6
21. a3 Ne5 22. Kg1 Nd3 23. Rd1 Nc5 24. f3 Rc7 25. Nf4 Rc6 26. Nd5 e6 27. Ne3 b5
28. a4 bxa4 29. bxa4 Nxa4 30. Rb7 a6 31. Rd7 Nc3 32. R7xd6 Rxd6 33. Rxd6 Ra8
34. Nc4 a5 35. Rd3 Nb5 36. Rb3 Nd4 37. Ra3 Nc6 38. Kf2 Kf6 39. f4 h6 40. Ke3 g5
41. g3 gxf4+ 42. gxf4 e5 43. h4 Rg8 44. fxe5+ Nxe5 45. Nxe5 Kxe5 46. Rxa5+ Kf6
47. Rf5+ 1/2-1/2

[Event "2023 Norbert Muller Cup (Division A)"]
[Site "Woodvale, Perth WA AUS"]
[Date "2023.11.01"]
[Round "4"]
[White "Curthoys, Edward"]
[Black "Plaganyi, Gyula"]
[Result "0-1"]
[ECO "A40"]
[WhiteElo "1934"]
[BlackElo "1990"]
[BlackTitle "CM"]
[PlyCount "67"]
[EventDate "2023.10.11"]
[EventType "tourn"]
[EventRounds "7"]
[EventCountry "AUS"]
[TimeControl "3600+30"]

1. e4 g6 2. Nf3 Bg7 3. d4 d6 4. c4 Nc6 5. h3 e5 6. d5 Nd4 7. Be3 Nxf3+ 8. Qxf3
Nf6 9. Bd3 a5 10. Nc3 b6 11. Qe2 Nh5 12. Qd2 f5 13. Bg5 Bf6 14. Bxf6 Qxf6 15.
Nb5 Kd8 16. a3 f4 17. Be2 Ng7 18. Rc1 a4 19. Bd1 Qg5 20. Kf1 Bd7 21. h4 Qh6 22.
g4 Ne8 23. f3 Qg7 24. Qb4 Nf6 25. Rg1 Bxb5 26. Qxb5 Ra5 27. Qb4 Qd7 28. Rg2 Ke7
29. Rd2 Rha8 30. Be2 h5 31. g5 Qh3+ 32. Kg1 Qg3+ 33. Kf1 Nd7 34. c5 0-1

[Event "2023 Norbert Muller Cup (Division A)"]
[Site "Woodvale, Perth WA AUS"]
[Date "2023.11.01"]
[Round "4"]
[White "Gibson, Jacob"]
[Black "Clarke, Daniel"]
[Result "1-0"]
[ECO "C78"]
[WhiteElo "2018"]
[BlackElo "1928"]
[PlyCount "81"]
[EventDate "2023.10.11"]
[EventType "tourn"]
[EventRounds "7"]
[EventCountry "AUS"]
[TimeControl "3600+30"]

1. e4 e5 2. Nf3 Nc6 3. Bb5 a6 4. Ba4 Nf6 5. d3 b5 6. Bb3 Bc5 7. O-O d6 8. a4
Be6 9. Bxe6 fxe6 10. Bg5 O-O 11. axb5 axb5 12. Nc3 Rxa1 13. Qxa1 Nb4 14. Qb1 c6
15. Ne2 Bb6 16. c3 Na6 17. d4 exd4 18. cxd4 Qd7 19. b4 Nc7 20. Rd1 Ra8 21. Bxf6
gxf6 22. e5 f5 23. exd6 Qxd6 24. Qc1 Nd5 25. Ne5 f4 26. Nxf4 Bxd4 27. Nxd5 Qxe5
28. Ne7+ Kf7 29. Nxc6 Bxf2+ 30. Kxf2 Qxh2 31. Qd2 Qc7 32. Nd4 Qc4 33. Kg1 Ra2
34. Qf4+ Ke7 35. Qg5+ Kd7 36. Nxb5+ Kc6 37. Rd6+ Kb7 38. Qe7+ Kb8 39. Rd8+ Qc8
40. Qc7+ Ka8 41. Qxc8# 1-0

[Event "2023 Norbert Muller Cup (Division B)"]
[Site "Woodvale, Perth WA AUS"]
[Date "2023.11.01"]
[Round "4"]
[White "Michael, Ashley"]
[Black "Oswald, Franz"]
[Result "1-0"]
[ECO "B21"]
[WhiteElo "1563"]
[BlackElo "1678"]
[PlyCount "43"]
[EventDate "2023.10.11"]
[EventType "tourn"]
[EventRounds "7"]
[EventCountry "AUS"]
[TimeControl "3600+30"]

1. e4 c5 2. d4 cxd4 3. c3 dxc3 4. Nxc3 Nc6 5. Nf3 d6 6. Bc4 e6 7. O-O a6 8. Qe2
b5 9. Bb3 Be7 10. Rd1 Qc7 11. Bf4 e5 12. Nd5 Qb8 13. Be3 Nf6 14. Nb6 Nxe4 15.
Bd5 Nd4 16. Bxd4 exd4 17. Bc6+ Kf8 18. Nxa8 Nf6 19. Rac1 Bb7 20. Bxb7 Qxb7 21.
Rc7 Qxa8 22. Qxe7+ 1-0

[Event "2023 Norbert Muller Cup (Division B)"]
[Site "Woodvale, Perth WA AUS"]
[Date "2023.11.01"]
[Round "4"]
[White "Browning, Thomas"]
[Black "Balavignan, Ashvin"]
[Result "0-1"]
[ECO "D35"]
[WhiteElo "1651"]
[BlackElo "1683"]
[PlyCount "120"]
[EventDate "2023.10.11"]
[EventType "tourn"]
[EventRounds "7"]
[EventCountry "AUS"]
[TimeControl "3600+30"]

1. d4 Nf6 2. c4 e6 3. Nf3 d5 4. Nc3 Bd6 5. cxd5 exd5 6. Bg5 c6 7. e3 Nbd7 8.
Bd3 h6 9. Bh4 O-O 10. Rc1 Qa5 11. O-O Re8 12. Re1 a6 13. h3 g5 14. Bg3 Bxg3 15.
fxg3 Qc7 16. Kh2 Nh5 17. Kg1 Qxg3 18. Ne2 Qd6 19. Qd2 Kg7 20. Rf1 Ng3 21. Nxg3
Qxg3 22. Rce1 Qc7 23. e4 Qd6 24. e5 Qe7 25. Bc2 Nf8 26. Nh2 Be6 27. h4 Nh7 28.
Bxh7 Kxh7 29. Rf6 Rg8 30. hxg5 Rxg5 31. Qd3+ Kg7 32. Nf3 Rg6 33. Rxg6+ fxg6 34.
Rf1 Rf8 35. Nh2 Rxf1+ 36. Qxf1 Qf7 37. Qc1 Qf5 38. Qc5 Qf7 39. Qd6 Qd7 40. Qc5
Qc7 41. Qa3 Qf7 42. Qd6 g5 43. Nf3 g4 44. Nh4 g3 45. Nf3 Qf4 46. Qe7+ Bf7 47.
Qf6+ Qxf6 48. exf6+ Kxf6 49. Kf1 Kf5 50. Ke2 Bh5 51. Ke3 Bxf3 52. Kxf3 b6 53.
Kxg3 c5 54. dxc5 bxc5 55. Kf3 d4 56. b3 a5 57. a4 h5 58. g3 Ke5 59. Ke2 Ke4 60.
Kf2 d3 0-1

[Event "2023 Norbert Muller Cup (Division B)"]
[Site "Woodvale, Perth WA AUS"]
[Date "2023.11.01"]
[Round "4"]
[White "Weijermars, Tristan"]
[Black "Bhatia, Abhay"]
[Result "0-1"]
[ECO "A00"]
[WhiteElo "1575"]
[BlackElo "1745"]
[PlyCount "52"]
[EventDate "2023.10.11"]
[EventType "tourn"]
[EventRounds "7"]
[EventCountry "AUS"]
[TimeControl "3600+30"]

1. Nc3 d5 2. e4 d4 3. Nce2 e5 4. Nf3 Nc6 5. Ng3 a6 6. a3 h5 7. Bc4 h4 8. Ne2
Bg4 9. d3 Bxf3 10. gxf3 Qf6 11. f4 exf4 12. Bxf4 Bd6 13. Qd2 Nge7 14. Bg5 Qe5
15. f4 Qc5 16. e5 f6 17. exf6 gxf6 18. Bxf6 Rh7 19. Be6 Rh6 20. Bxe7 Bxe7 21.
f5 Rh8 22. O-O-O Nd8 23. Bb3 Qxf5 24. Nxd4 Qg4 25. Qe3 Kd7 26. Bc4 Bg5 0-1

[Event "2023 Norbert Muller Cup (Division B)"]
[Site "Woodvale, Perth WA AUS"]
[Date "2023.11.01"]
[Round "4"]
[White "Gough, Dylan"]
[Black "Leonhardt, Wolfgang"]
[Result "1/2-1/2"]
[ECO "A33"]
[WhiteElo "1823"]
[BlackElo "1760"]
[PlyCount "64"]
[EventDate "2023.10.11"]
[EventType "tourn"]
[EventRounds "7"]
[EventCountry "AUS"]
[TimeControl "3600+30"]

1. d4 Nf6 2. c4 e6 3. Nc3 c5 4. Nf3 cxd4 5. Nxd4 a6 6. a3 Nc6 7. Bf4 d6 8. Bg3
Qb6 9. Nxc6 Qxc6 10. e3 Be7 11. Rc1 O-O 12. Qf3 Bd7 13. Qxc6 Bxc6 14. f3 Rac8
15. Be2 d5 16. O-O dxc4 17. Bxc4 b5 18. Bb3 Nd7 19. Bf2 Ne5 20. Rfd1 Rfd8 21.
Rxd8+ Rxd8 22. Rd1 Nd3 23. Rd2 Nxf2 24. Rxd8+ Bxd8 25. Kxf2 Bf6 26. Ke2 Kf8 27.
Kd3 Ke7 {(=)} 28. e4 Be5 29. g3 f5 30. exf5 exf5 31. f4 Be4+ 32. Nxe4 fxe4+
1/2-1/2

[Event "2023 Norbert Muller Cup (Division C)"]
[Site "Woodvale, Perth WA AUS"]
[Date "2023.11.01"]
[Round "4"]
[White "Hintz, Steven"]
[Black "Brooke, John"]
[Result "1-0"]
[ECO "C62"]
[WhiteElo "1553"]
[BlackElo "1462"]
[PlyCount "103"]
[EventDate "2023.10.11"]
[EventType "tourn"]
[EventRounds "7"]
[EventCountry "AUS"]
[TimeControl "3600+30"]

1. e4 e5 2. Nf3 Nc6 3. Bb5 d6 4. d4 Bd7 5. O-O a6 6. Bxc6 bxc6 7. dxe5 dxe5 8.
Nxe5 Bd6 9. Nxd7 Qxd7 10. b3 Ne7 11. Bb2 O-O 12. e5 Rad8 13. exd6 cxd6 14. Nd2
d5 15. Nf3 Ng6 16. Re1 Qd6 17. Qd4 f6 18. Rad1 Rf7 19. c4 c5 20. Qxd5 Qxd5 21.
Rxd5 Rc8 22. Red1 Rff8 23. Ba3 Nf4 24. Rxc5 Rxc5 25. Bxc5 Re8 26. g3 Ne2+ 27.
Kg2 Nc3 28. Rd2 Ne4 29. Re2 Kf7 30. Bb4 g5 31. Nd2 f5 32. Nxe4 fxe4 33. f3
exf3+ 34. Kxf3 Rd8 35. Rd2 Rb8 36. Bc3 Ke6 37. Rd5 Rg8 38. Ra5 g4+ 39. Kf2 Kf7
40. Rxa6 h5 41. Ra7+ Kg6 42. Rg7+ Rxg7 43. Bxg7 Kxg7 44. c5 Kf6 45. b4 Ke6 46.
a4 Kd5 47. a5 Kc6 48. a6 Kc7 49. b5 Kb8 50. b6 Ka8 51. c6 h4 52. c7 1-0

[Event "2023 Norbert Muller Cup (Division C)"]
[Site "Woodvale, Perth WA AUS"]
[Date "2023.11.01"]
[Round "4"]
[White "Curtis, Calan"]
[Black "Akers, Gerard"]
[Result "1-0"]
[ECO "A45"]
[WhiteElo "1431"]
[BlackElo "1562"]
[PlyCount "95"]
[EventDate "2023.10.11"]
[EventType "tourn"]
[EventRounds "7"]
[EventCountry "AUS"]
[TimeControl "3600+30"]

1. d4 Nf6 2. Nc3 e6 3. Bf4 Bb4 4. e3 c5 5. Nge2 cxd4 6. exd4 Nd5 7. Bd2 Nxc3 8.
Bxc3 Bxc3+ 9. Nxc3 d5 10. Bb5+ Nc6 11. Bxc6+ bxc6 12. Na4 Qa5+ 13. c3 Ba6 14.
Nc5 O-O 15. Qa4 Qxa4 16. Nxa4 e5 17. Nc5 Bc8 18. dxe5 Re8 19. f4 f6 20. Nd3 Ba6
21. Nb4 Bb7 22. Nd3 Ba6 23. Nc5 Bc8 24. Nd3 Bf5 25. O-O-O Bxd3 26. Rxd3 fxe5
27. fxe5 Rxe5 28. Rhd1 Re2 29. R3d2 Rxd2 30. Rxd2 Rd8 31. Kc2 Kf7 32. Re2 Rd6
33. Kd3 Re6 34. Rxe6 Kxe6 35. Kd4 Kd6 36. b4 a6 37. c4 dxc4 38. Kxc4 g6 39. g4
h5 40. gxh5 gxh5 41. h4 Kc7 42. Kc5 Kb7 43. a4 Kc7 44. a5 Kb7 45. Kd6 Kb8 46.
Kxc6 Ka7 47. Kc7 Ka8 48. Kb6 1-0

[Event "2023 Norbert Muller Cup (Division C)"]
[Site "Woodvale, Perth WA AUS"]
[Date "2023.11.01"]
[Round "4"]
[White "Walker, Colin"]
[Black "Massam, Justin"]
[Result "1/2-1/2"]
[ECO "A28"]
[WhiteElo "1461"]
[BlackElo "1542"]
[PlyCount "139"]
[EventDate "2023.10.11"]
[EventType "tourn"]
[EventRounds "7"]
[EventCountry "AUS"]
[TimeControl "3600+30"]

1. e4 e5 2. c4 Nf6 3. Nc3 Bc5 4. Nf3 Nc6 5. h3 d6 6. d3 h6 7. Be2 Nd4 8. O-O c6
9. Nxd4 Bxd4 10. Rb1 Qa5 11. Qa4 Qb6 12. Qc2 O-O 13. Bf3 Be6 14. Nd1 Rac8 15.
Ne3 Qc7 16. Qe2 b5 17. b3 a5 18. Bb2 Bb6 19. cxb5 cxb5 20. Rbc1 Qd7 21. Qd2 b4
22. Nc4 Bc7 23. d4 exd4 24. Bxd4 Qe7 25. Qb2 Bxc4 26. Bxf6 Qxf6 27. Qxf6 gxf6
28. Rxc4 Bb6 29. Rfc1 Bc5 30. Kf1 Rfe8 31. Rd1 Kg7 32. Bg4 Rcd8 33. Rd5 Rb8 34.
Bd1 Rb7 35. f3 Rbe7 36. Bc2 Re5 37. Rxe5 fxe5 38. Bd3 Kf6 39. Rc2 Kg5 40. g3
Re6 41. Bc4 Rf6 42. Kg2 h5 43. Bd5 h4 44. g4 Kf4 45. Re2 Kg5 46. Bc4 Kg6 47.
Bd5 Kg7 48. Bc4 Rh6 49. Rc2 f6 50. Re2 Kg6 51. Bd5 Rh8 52. Bc4 Kg5 53. Bd5 Kf4
54. Bc4 Rc8 55. Rc2 Rc7 56. Re2 Ra7 57. Bb5 Bd4 58. Rc2 Bc5 59. Re2 Rc7 60. Bc4
Bb6 61. Rd2 Rc6 62. Rd1 Ba7 63. Rd3 a4 64. Rd2 axb3 65. axb3 Bc5 66. Ra2 Rc8
67. Ra6 Ke3 68. Ra2 Kf4 69. Ra6 Ke3 70. Ra2 1/2-1/2

[Event "2023 Norbert Muller Cup (Division C)"]
[Site "Woodvale, Perth WA AUS"]
[Date "2023.11.01"]
[Round "4"]
[White "Boswarva, Ernest"]
[Black "Sethuraman, Jaswanth Ram"]
[Result "0-1"]
[ECO "D00"]
[WhiteElo "1537"]
[BlackElo "1298"]
[PlyCount "56"]
[EventDate "2023.10.11"]
[EventType "tourn"]
[EventRounds "7"]
[EventCountry "AUS"]
[TimeControl "3600+30"]

1. d4 d5 2. e3 Nf6 3. Bd3 Nc6 4. f4 Bg4 5. Nf3 e6 6. Nbd2 Be7 7. c3 O-O 8. O-O
Bd6 9. Qe1 Bxf3 10. Rxf3 Ng4 11. h3 Nf6 12. g4 Nd7 13. g5 g6 14. Nf1 f6 15. h4
e5 16. e4 dxe4 17. Bxe4 exd4 18. Qe2 dxc3 19. bxc3 Re8 20. Qc2 Qe7 21. Bd5+ Kg7
22. Re3 Bc5 23. h5 Bxe3+ 24. Bxe3 Qd6 25. Rd1 Qe7 26. hxg6 hxg6 27. Qg2 Rad8
28. Re1 Qd6 0-1

[Event "2023 Norbert Muller Cup (Division D)"]
[Site "Woodvale, Perth WA AUS"]
[Date "2023.11.01"]
[Round "4"]
[White "Gough, Sebastian"]
[Black "Dawoud, Ahmad"]
[Result "1-0"]
[ECO "D00"]
[WhiteElo "1058"]
[BlackElo "966"]
[PlyCount "55"]
[EventDate "2023.10.11"]
[EventType "swiss"]
[EventRounds "7"]
[EventCountry "AUS"]
[TimeControl "3600+30"]

1. d4 d5 2. Bf4 Bf5 3. Nc3 e6 4. Nf3 Bd6 5. Bg3 Bxg3 6. hxg3 Nc6 7. e3 Qd7 8.
Bb5 Qd6 9. Bxc6+ Qxc6 10. Ne5 Qb6 11. Na4 Qb4+ 12. c3 Qd6 13. Qb3 b6 14. Qb5+
Ke7 15. Nc6+ Kf8 16. Ne5 Rd8 17. Nc6 a6 18. Qb4 Qxb4 19. cxb4 Rd6 20. Na7 Ke7
21. Rc1 b5 22. Nc8+ Kd7 23. Nxd6 Kxd6 24. Nc5 Ne7 25. Nb7+ Kd7 26. Nc5+ Kc8 27.
Nxa6 Kb7 28. Rxc7+ 1-0

[Event "2023 Norbert Muller Cup (Division D)"]
[Site "Woodvale, Perth WA AUS"]
[Date "2023.11.01"]
[Round "4"]
[White "Jahn, Harold"]
[Black "Hounsome, David"]
[Result "0-1"]
[ECO "C01"]
[WhiteElo "997"]
[BlackElo "1417"]
[PlyCount "112"]
[EventDate "2023.10.11"]
[EventType "swiss"]
[EventRounds "7"]
[EventCountry "AUS"]
[TimeControl "3600+30"]

1. d4 e6 2. e4 d5 3. Nf3 dxe4 4. Nfd2 Nf6 5. Nc3 Qxd4 6. Ndxe4 Qxd1+ 7. Kxd1
Nxe4 8. Nxe4 b6 9. Bd3 Bb7 10. Be3 Be7 11. Ke2 O-O 12. h4 Nd7 13. h5 f5 14. Nd2
Ne5 15. Bd4 Nxd3 16. cxd3 Rad8 17. Be5 c5 18. Nf3 Rd7 19. Nh4 Bf6 20. Bxf6 Rxf6
21. Rh2 Ba6 22. Rd1 Bb7 23. f3 e5 24. Rdh1 Ba6 25. Ng6 Bxd3+ 26. Kf2 Re6 27. h6
Rxg6 28. Rh5 Rdd6 29. hxg7 Rxg7 30. R1h3 Rf6 31. Ke3 Bf1 32. Kf2 Bc4 33. b3 Bf7
34. R5h4 f4 35. g3 fxg3+ 36. Rxg3 Rxg3 37. Kxg3 Bd5 38. f4 e4 39. Rh5 Bc6 40.
f5 Bd7 41. Rg5+ Kh8 42. Kf4 e3 43. Kxe3 Rxf5 44. Rg3 h5 45. Rg1 Kh7 46. Rd1 Be6
47. Rh1 Kh6 48. Rh4 Kg5 49. Re4 Bd5 50. Re7 a5 51. Rd7 h4 52. Rg7+ Kh6 53. Rg4
Kh5 54. Rf4 Rxf4 55. Kxf4 a4 56. Ke5 Bxb3 0-1

[Event "2023 Norbert Muller Cup (Division D)"]
[Site "Woodvale, Perth WA AUS"]
[Date "2023.11.01"]
[Round "4"]
[White "Porteus, Grant"]
[Black "Young, Manfred"]
[Result "1-0"]
[ECO "D10"]
[WhiteElo "1431"]
[BlackElo "1134"]
[PlyCount "31"]
[EventDate "2023.10.11"]
[EventType "swiss"]
[EventRounds "7"]
[EventCountry "AUS"]
[TimeControl "3600+30"]

1. d4 c6 2. c4 d5 3. Nc3 Nf6 4. Bf4 Bf5 5. Qb3 Ne4 6. Nxe4 Bxe4 7. Qxb7 Nd7 8.
Qxc6 Qa5+ 9. Bd2 Qd8 10. f3 Rc8 11. Qa6 Bc2 12. e3 e6 13. c5 Be7 14. Ba5 Nb8
15. Bb5+ Kf8 16. Qxa7 1-0

[Event "2023 Norbert Muller Cup (Division D)"]
[Site "Woodvale, Perth WA AUS"]
[Date "2023.11.01"]
[Round "4"]
[White "Owen, Geoffrey"]
[Black "Powell, Darren"]
[Result "0-1"]
[ECO "C56"]
[WhiteElo "1120"]
[BlackElo "1336"]
[PlyCount "70"]
[EventDate "2023.10.11"]
[EventType "swiss"]
[EventRounds "7"]
[EventCountry "AUS"]
[TimeControl "3600+30"]

1. e4 e5 2. Bc4 Nf6 3. d4 Bd6 4. Nf3 Nc6 5. a3 h6 6. b4 Qe7 7. d5 Nd8 8. Nc3 c6
9. O-O b5 10. Bb3 O-O 11. h3 Bb7 12. Re1 Re8 13. Nh4 a6 14. Nf5 Qf8 15. Re3 g6
16. Rg3 Kh7 17. Bxh6 Qg8 18. Nxd6 Re7 19. Qd2 Qh8 20. h4 Nh5 21. Rf3 Rb8 22.
Bg5 f6 23. Nf5 Rf7 24. d6 Ne6 25. Nh6 Rff8 26. Ng4 fxg5 27. hxg5 Rxf3 28. gxf3
Nd4 29. Qe3 Rf8 30. Nf6+ Kg7 31. Nxh5+ Qxh5 32. Kg2 Rxf3 33. Qe1 Qh3+ 34. Kg1
Rxc3 35. Rd1 Nf3# 0-1

[Event "2023 Norbert Muller Cup (Division D)"]
[Site "Woodvale, Perth WA AUS"]
[Date "2023.11.01"]
[Round "4"]
[White "Lanham, Bruce"]
[Black "Overste, Brian"]
[Result "1-0"]
[ECO "A04"]
[WhiteElo "1215"]
[BlackElo "998"]
[PlyCount "98"]
[EventDate "2023.10.11"]
[EventType "swiss"]
[EventRounds "7"]
[EventCountry "AUS"]
[TimeControl "3600+30"]

1. Nf3 f6 2. d4 d5 3. g3 Bg4 4. Bg2 Qd7 5. h3 Bf5 6. g4 Be4 7. Nc3 Nc6 8. Be3
g5 9. Nxe4 dxe4 10. Ng1 Qd5 11. f3 exf3 12. Bxf3 Qa5+ 13. Qd2 Qb5 14. Qc3 O-O-O
15. Bxc6 bxc6 16. O-O-O Qd5 17. Nf3 Kd7 18. b3 Rb8 19. Bf2 Qd6 20. Rhg1 Qa3+
21. Qb2 Qa6 22. Rge1 e6 23. e4 Ba3 24. Qxa3 Qxa3+ 25. Kb1 a5 26. d5 a4 27.
dxe6+ Kxe6 28. Nd4+ Kf7 29. Nxc6 axb3 30. cxb3 Ra8 31. Re2 Ne7 32. Nxe7 Kxe7
33. Rc1 Rhc8 34. Bc5+ Qxc5 35. Rxc5 Ra7 36. Rd2 c6 37. Kb2 Rca8 38. a4 Rd7 39.
Rxd7+ Kxd7 40. Kc3 Re8 41. Kd4 Kd6 42. b4 Rh8 43. b5 cxb5 44. axb5 Ra8 45. Rc6+
Kd7 46. Kd5 Ra5 47. Kc5 Ra2 48. Rxf6 Ke7 49. Rc6 Re2 {Scoresheet not clear} 1-0